 Dungeon Crawl Stone Soup version 0.16.1-51-g6203257 (webtiles) character file.

11 DeXoteric the Ruffian (level 2, 0/25 HPs)
             Began as a Naga Transmuter on July 6, 2015.
             Slain by a jackal (3 damage)
             ... on level 1 of the Dungeon.
             The game lasted 00:02:32 (1304 turns).

DeXoteric the Ruffian (Naga Transmuter)             Turns: 1304, Time: 00:02:32

Health: 0/25       AC:  1    Str: 12    XL:     2   Next: 25%
Magic:  3/4        EV: 10    Int: 13    God:
Gold:   36         SH:  0    Dex: 11    Spells: 1 memorised, 4 levels left

rFire  . . .     SeeInvis +       - Unarmed
rCold  . . .     Clarity  .     c - +0 robe
rNeg   . . .     SustAb   .     (no shield)
rPois  +         Gourm    .     (helmet restricted)
rElec  .         Spirit   .     (no cloak)
rCorr  .         Warding  .     (no gloves)
rMut   .         Stasis   .     (no barding)
MR     .....                    (no amulet)
Stlth  +.........               (no ring)
                                (no ring)

@: appendage (expiring), very slow, not resistant to hostile enchantments, very
unstealthy
A: spit poison, horns 2, see invisible, deformed body, poison resistance,
slowness 2
a: Spit Poison, End Transformation


You were on level 1 of the Dungeon.
You were not hungry.
You had grown temporary horns.
You visited 1 branch of the dungeon, and saw 1 of its levels.

You collected 36 gold pieces.


Innate Abilities, Weirdness & Mutations

You cannot wear boots.
You can spit poison.
You have supernaturally acute eyesight.
Armour fits poorly on your strangely shaped body.
Your system is resistant to poisons.
You cover ground very slowly.
You have a pair of horns on your head.


   Skills:
 - Level 1.0 Fighting
 - Level 1.5 Dodging
 + Level 3.3 Unarmed Combat
 - Level 2.0 Spellcasting
 + Level 2.4 Transmutations


You had 4 spell levels left.
You knew the following spells:

 Your Spells              Type           Power        Failure   Level  Hunger
z - Beastly Appendage     Trmt           #.....       12%         1    ##.....

Inventory:

Missiles
 b - 12 arrows
Armour
 c - a +0 robe (worn)
Scrolls
 f - 2 scrolls of identify {unknown}
 j - a scroll of enchant weapon {unknown}
Potions
 e - a potion of flight {unknown}
 g - a potion of cancellation {unknown}
 h - 2 potions of curing {unknown}
 i - 2 potions of heal wounds {unknown}
 m - 2 potions of haste {unknown}
Books
 d - a book of Changes

   Spells                             Type                      Level
   a - Beastly Appendage              Transmutation                1
   b - Sticks to Snakes               Transmutation                2
   c - Spider Form                    Transmutation/Poison         3
   d - Ice Form                       Ice/Transmutation            4
   e - Blade Hands                    Transmutation                5
Comestibles
 a - a bread ration
 k - a chunk of flesh

Dungeon Overview and Level Annotations

Branches:
Dungeon (1/15)

Altars:

......▒ ▒▒.▒▒▒.......▒....▒▒
......▒▒▒'▒▒▒...▒▒▒.....▒..▒▒▒▒▒▒
.......▒....▒..▒▒ ▒▒...▒▒▒.▒.▒▒..
.........▒▒...h▒▒ ▒..▒▒.▒..▒▒..<
....[..▒▒)▒▒▒...▒▒▒...▒▒...▒.▒...
......▒▒▒▒.▒▒▒.......▒ ▒...▒▒▒▒..
......▒▒▒▒.▒ ▒▒.....▒▒ ▒▒▒..▒▒▒▒▒
.....▒▒.▒.▒▒ ▒▒▒▒h.▒▒ ▒▒..▒▒▒.
....▒▒▒▒.▒▒▒ ▒.▒Nh▒▒▒▒▒ ▒%..▒..
..▒▒▒ ▒▒.%▒▒▒▒..▒▒...▒ ▒▒....▒
▒▒▒ ▒▒▒.▒ ▒▒.▒..▒.▒▒ ▒▒+▒.▒ ▒▒.▒▒
▒..▒▒▒▒.▒▒ ▒▒+▒▒▒▒ ▒...▒ ▒.▒▒
▒..▒▒▒..▒▒▒. ▒▒.▒.▒ ▒▒▒
▒......▒▒... ▒....▒ ▒▒...▒.....▒
▒▒▒.▒▒ ▒▒▒▒▒▒▒▒▒▒▒ ▒▒▒


You could see 2 jackals.


Message History

You kill the giant newt!
You hit the jackal. Your headbutt misses the jackal.
The jackal is heavily wounded.
The jackal bites you. x3
You barely miss the jackal. Your headbutt misses the jackal.
The jackal is heavily wounded.
The jackal bites you.
* * * LOW HITPOINT WARNING * * *
The jackal closely misses you.
You miss the jackal.
The jackal is heavily wounded.
The jackal bites you.
* * * LOW HITPOINT WARNING * * *
The jackal bites you but does no damage.
You closely miss the jackal.
The jackal is heavily wounded.
The jackal bites you.
* * * LOW HITPOINT WARNING * * *
The jackal bites you.
* * * LOW HITPOINT WARNING * * *
The jackal barely misses you. The jackal closely misses you.
You barely miss the jackal.
The jackal is heavily wounded.
The jackal misses you. The jackal barely misses you.
You hit the jackal but do no damage. Your headbutt misses the jackal.
The jackal is heavily wounded.
The jackal bites you.
* * * LOW HITPOINT WARNING * * *
The jackal bites you.
You die...

Action                   || total
-------------------------++-------
Melee: Unarmed           ||    58
 Cast: Beastly Appendage ||     3
 Stab: Sleeping          ||     1
  Eat: Chunk             ||     1

Vault maps used:
D:1:      dpeg_cavernosity

Notes
Turn   | Place    | Note
--------------------------------------------------------------
     0 | D:1      | DeXoteric, the Naga Transmuter, began the quest for the Orb.
     0 | D:1      | Reached XP level 1. HP: 18/18 MP: 3/3
   715 | D:1      | Reached XP level 2. HP: 15/25 MP: 4/4
  1304 | D:1      | Slain by a jackal

Vanquished Creatures
  A giant cockroach (D:1)
  A hobgoblin (D:1)
  A jackal (D:1)
  A bat (D:1)
  2 giant newts (D:1)
  2 goblins (D:1)
  2 kobolds (D:1)
  3 rats (D:1)
13 creatures vanquished.

Vanquished Creatures (others)
  2 fungi (D:1)
2 creatures vanquished.

Grand Total: 15 creatures vanquished
